 Dungeon Crawl Stone Soup version 0.24.0-123-gd5b16e6ec5 (webtiles) character file.

Game seed: 4483591744812154507, levelgen mode: deterministic

69833 Amplified the Summoner (level 15, 0/75 HPs)
             Began as a Vine Stalker Wanderer on Feb 6, 2020.
             Was the Champion of Hepliaklqana.
             Succumbed to a wolf spider's poison
             ... on level 2 of the Spider Nest.
             The game lasted 00:45:20 (21073 turns).

Amplified the Summoner (Vine Stalker Wanderer)     Turns: 21073, Time: 00:45:20

Health: 0/75       AC: 24    Str: 15 (17) XL:     15   Next: 31%
Magic:  15/24      EV: 23    Int: 10      God:    Hepliaklqana [******]
Gold:   303        SH:  0    Dex: 26      Spells: 9/14 levels left

rFire    x . .     SeeInvis .   r - +5 lajatang
rCold    + . .     Gourm    .   (shield currently unavailable)
rNeg     + . .     Faith    .   M - +4 chain mail {rPois}
rPois    +         Spirit   +   q - +2 helmet
rElec    +         Reflect  .   L - +2 cloak {+Inv}
rCorr    .         Harm     .   c - +1 pair of gloves
MR       ++...                  g - +2 pair of boots
Stlth    ..........             n - amulet of the acrobat
HPRegen  1.02/turn              J - ring "Usodeivvo" {rC+ Int-4 Dex+8 Slay+5 Stlth-}
MPRegen  0.19/turn              s - ring "Kamoezile" {rElec rF- rN+ MR+ Slay+3}

@: lethally poisoned (0 -> -7), berserk cooldown, acrobat, slowed, very slow
A: reduced essence, fangs 3, talons 1, agile 1, regeneration 2, magic shield,
antimagic bite, no potion heal 3, rot immunity
a: Recall Ancestor, Ancestor Identity, Transference, Idealise, Renounce
Religion, Evoke Invisibility


You were on level 2 of the Spider Nest.
You worshipped Hepliaklqana.
Hepliaklqana was exalted by your worship.
You were not hungry.

You visited 4 branches of the dungeon, and saw 24 of its levels.

You collected 2398 gold pieces.
You spent 2095 gold pieces at shops.

Inventory:

Hand Weapons
 i - the +9 hunting sling "Jerghua" {freeze, rF++ Dex+3}
   (You bought it in a shop on level 1 of the Orcish Mines)

   It causes projectiles fired from it to freeze those they strike, causing
   extra injury to most foes and up to half again as much damage against
   particularly susceptible opponents.
   They can also slow down cold-blooded creatures.
   It affects your dexterity (+3).
   It greatly protects you from fire.
 r - a +5 lajatang (weapon)
Missiles
 h - 41 poisoned darts (quivered)
 j - 451 stones
 l - 54 sling bullets
Armour
 c - a +1 pair of gloves (worn)
 g - a +2 pair of boots (worn)
 q - a +2 helmet (worn)
 L - a +2 cloak of invisibility (worn)
 M - a +4 chain mail of poison resistance (worn)
Jewellery
 a - an uncursed ring of poison resistance {unknown}
 e - an uncursed ring of positive energy
 n - an amulet of the acrobat (around neck)
 s - the ring "Kamoezile" (right hand) {rElec rF- rN+ MR+ Slay+3}
   (You bought it in a shop on level 2 of the Orcish Mines)

   [ring of positive energy]

   It affects your accuracy and damage with ranged weapons and melee attacks
   (+3).
   It makes you vulnerable to fire.
   It insulates you from electricity.
   It protects you from negative energy.
   It affects your resistance to hostile enchantments.
 x - a cursed ring of teleportation {unknown}
 y - an uncursed amulet of harm
 C - an uncursed ring of resist corrosion
 J - the ring "Usodeivvo" (left hand) {rC+ Int-4 Dex+8 Slay+5 Stlth-}
   (You bought it in a shop on level 6 of the Dungeon)

   [ring of protection from cold]

   It affects your intelligence (-4).
   It affects your dexterity (+8).
   It affects your accuracy and damage with ranged weapons and melee attacks
   (+5).
   It protects you from cold.
   It makes you less stealthy.
 N - an uncursed ring of ice
 R - a +3 ring of dexterity {unknown}
Wands
 k - a wand of digging (2)
 w - a wand of polymorph (12)
 B - a wand of acid (4)
 F - a wand of iceblast (5)
 G - a wand of scattershot (4)
 H - a wand of disintegration (4)
 I - a wand of flame (47)
 K - a wand of random effects (18)
Scrolls
 m - 8 scrolls of immolation
 p - 15 scrolls of remove curse
 A - a scroll of amnesia
 D - a scroll of teleportation
 E - 2 scrolls of identify
Potions
 b - a potion of lignification
 d - a potion of ambrosia
 o - 8 potions of curing
 t - 2 potions of mutation
 v - a potion of magic
 z - 6 potions of flight
 P - a potion of cancellation
 Q - a potion of brilliance
Comestibles
 f - 37 rations


   Skills:
 + Level 12.0 Fighting
   Level 2.1 Short Blades
   Level 0.9(7.6) Maces & Flails
 + Level 11.7(11.8) Staves
 - Level 11.9(12.0) Slings
   Level 1.0 Bows
 - Level 1.0(7.8) Throwing
 - Level 2.4 Armour
 - Level 2.4 Dodging
 - Level 0.1 Stealth
   Level 1.0 Shields
   Level 12.5 Summonings
 - Level 11.0 Invocations


You had 9 spell levels left.
You knew the following spells:

 Your Spells              Type           Power        Failure   Level  Hunger
a - Passwall              Tmut/Erth      #.......     100%        2    ###....
b - Spectral Weapon       Hex/Chrm       #.......     100%        3    ####...

Your spell library contained the following spells:

 Spells                   Type           Power        Failure   Level  Hunger
 Infusion                 Chrm           #...         100%        1    ##.....
 Sandblast                Erth           #.....       100%        1    ##.....
 Shroud of Golubria       Chrm/Tloc      #.....       100%        2    ###....
 Song of Slaying          Chrm           #.......     100%        2    ###....
 Regeneration             Chrm/Necr      #.........   100%        3    ####...
 Stone Arrow              Conj/Erth      #.....       100%        3    ####...
 Cause Fear               Hex            #.........   100%        4    #####..
 Petrify                  Tmut/Erth      #.......     100%        4    #####..
 Lee's Rapid Deconstruct  Erth           #.........   100%        5    ######.
 Silence                  Hex/Air        #.........   100%        5    ######.
 Yara's Violent Unravell  Hex/Tmut       #.........   100%        5    ######.
 Deflect Missiles         Chrm/Air       #.........   100%        6    #######
 Discord                  Hex            #.........   100%        8    #######


Dungeon Overview and Level Annotations

Branches:
Dungeon (14/15)            Temple (0/1) D:6            Lair (6/6) D:11
 Shoals (0/4) Lair:4       Spider (2/4) Lair:3        Slime (0/5) Lair:6
    Orc (2/2) D:12            Elf (0/3) Orc:2        Vaults (0/5) D:13

Altars:
Gozag
Hepliaklqana
Makhleb
Okawaru
Ru
Sif Muna
Uskayaw
Vehumet
Yredelemnul
Zin
The Shining One
Beogh

Shops:
D:6 =   D:10 [   Orc:1 *   Orc:2 [=(*

Annotations:
D:6 Acquiring ringfs
D:7 exclusion: ice statue
Lair:5 Consider orcs and then Lair:6, exclusion: 3 oklob plants, Amplified's ghost, journeyman DrAK


Innate Abilities, Weirdness & Mutations

You have razor-sharp teeth.
You heal very quickly.
When hurt, damage is shared between your health and your magic reserves.
Your bite disrupts and absorbs the magic of your enemies.
Potions cannot restore your health.
You are immune to rotting.
Your life essence is reduced to manifest your ancestor. (-10% HP)
You have sharp toenails.
You are agile. (Dex +2)


Message History

You feel sick.
You slice the tarantella!!
You kill the tarantella!
* * * LOW HITPOINT WARNING * * *
You feel sick.
* * * LOW HITPOINT WARNING * * *
You feel sick.
You feel a strong urge to attack something.
* * * LOW HITPOINT WARNING * * *
You feel sick.
You are too berserk!
Unknown command.
You are too berserk!
* * * LOW HITPOINT WARNING * * *
You feel sick.
Unknown command.
You feel your anger nearly subside.
You are no longer berserk.
You are exhausted.
You feel yourself slow down.
You die...

#...
#..^.####
#..
#.#....#
..
##.##^##
. ##.###
##†##
##(##
##.##
##.##
##@# ###


There were no monsters in sight!

Vanquished Creatures
  Jorgrun (D:13)
  Frances (D:14)
  A ghost moth (Spider:1)
  2 orc warlords
  Azrael (D:13)
  Snorg (Orc:2)
  3 hydras
  A death knight (D:11)
  Erica (Orc:1)
  The ghost of Xerdoz the Martial Artist, a journeyman OpTm of Sif Muna (D:10)
  2 dancing weapons (D:13)
  3 death yaks (Lair:6)
  A two-headed ogre (D:9)
  An orc high priest (Orc:2)
  Urug (Orc:2)
  Nergalle (Orc:2)
  2 unseen horrors
  Pikel (D:7)
  An orc knight (Orc:2)
  A phantasmal warrior (D:11)
  2 orc sorcerers
  An orb spider (Spider:1)
  3 wolf spiders
  3 ugly things
  A manticore (D:14)
  Maurice (Orc:2)
  3 merfolk sirens (Lair:4)
  3 spiny frogs
  4 black mambas
  3 centaur skeletons
  2 komodo dragons
  A demonic crawler (Spider:1)
  4 rime drakes
  A freezing wraith (D:11)
  A troll (Orc:2)
  A merfolk (Lair:4)
  9 polar bears (Lair:6)
  2 jumping spiders
  Prince Ribbit (D:6)
  3 blink frogs (Lair:5)
  2 hornets
  11 hippogriffs
  A raiju (Lair:6)
  5 dream sheep
  A shadow (D:13)
  2 redbacks (Spider:1)
  4 tarantellas
  2 wyverns
  22 yaks
  3 wraiths
  3 basilisks
  A fire elemental (D:13)
  A steam dragon (Lair:3)
  5 vampire mosquitoes (D:13)
  2 hungry ghosts (D:12)
  10 wargs
  7 water moccasins
  7 porcupines
  14 hell hounds
  18 orc warriors
  A phantom (D:12)
  10 black bears
  A sky beast (D:8)
  A necrophage (D:6)
  2 ice beasts
  An eye of draining (D:12)
  13 ogres
  14 wolves
  14 crocodiles
  8 centaurs
  A big kobold (D:9)
  14 bullfrogs
  A wyvern skeleton (D:14)
  A scorpion (D:6)
  9 killer bees
  12 wights
  6 howler monkeys
  3 crimson imps
  2 bullfrog zombies
  A quasit (D:11)
  5 hounds
  14 orc priests
  6 jellies
  2 bullfrog skeletons
  4 iguanas
  19 orc wizards
  5 worker ants
  6 ogre zombies (D:12)
  A hound zombie (D:5)
  8 gnolls
  10 adders
  A shadow imp (D:9)
  An ooze (D:3)
  An adder zombie (D:5)
  3 worms
  A dart slug (D:2)
  5 leopard geckos
  63 orcs
  A ball python (D:3)
  5 bats
  7 giant cockroaches
  7 goblins
  5 hobgoblins
  16 jackals
  3 quokkas
  3 frilled lizards
  2 goblin zombies (D:12)
  2 hobgoblin skeletons (D:12)
  A hobgoblin zombie (D:12)
  9 kobolds
  A leopard gecko skeleton (D:4)
  An orc skeleton (D:12)
  10 orc zombies (D:12)
  5 rats
545 creatures vanquished.

Vanquished Creatures (collateral kills)
  A hydra (Lair:2)
  2 unseen horrors (D:12)
  An orc knight (Orc:2)
  A wolf spider (Spider:1)
  An orc sorcerer (Orc:2)
  A cyclops (D:13)
  A manticore (D:12)
  A spiny frog (Lair:2)
  3 komodo dragons
  A polar bear (Lair:5)
  A troll (Orc:1)
  A hippogriff (D:9)
  2 dream sheep
  A redback (Spider:1)
  A wyvern (D:12)
  A hog (D:9)
  5 yaks
  A tarantella (Spider:1)
  A vampire mosquito (D:13)
  A warg (D:11)
  2 water moccasins (Lair:3)
  A porcupine (Lair:3)
  5 hell hounds
  A slave (D:7)
  6 orc warriors
  3 sky beasts
  2 black bears (Lair:6)
  An eye of draining (D:12)
  4 wolves
  2 crocodiles
  An ogre (Orc:1)
  A centaur (D:6)
  Blork the orc (D:6)
  2 bullfrogs
  A gnoll sergeant (D:11)
  5 killer bees
  A wight (D:13)
  2 hounds
  4 orc priests
  3 orc wizards
  3 worker ants
  A hound zombie (D:11)
  A worker ant zombie (D:7)
  A gnoll (D:4)
  2 oozes
  An adder skeleton (D:8)
  16 orcs
  A hobgoblin (D:4)
  2 jackals (D:6)
  A quokka (D:8)
  A hobgoblin zombie (D:12)
  2 orc zombies (D:12)
108 creatures vanquished.

Vanquished Creatures (others)
  2 orc wizards
  5 knights
  A worker ant (D:13)
  2 ancestors (D:4)
  An orc (D:7)
  4 fungi
  15 plants
30 creatures vanquished.

Grand Total: 683 creatures vanquished

Notes
Turn   | Place    | Note
-------+----------+-------------------------------------------
     0 | D:1      | Amplified the Vine Stalker Wanderer began the quest for the
                  | Orb.
     0 | D:1      | Amplified set off with the following items: a +0 dagger, a
                  | potion of lignification, a scroll of teleportation, a +2
                  | scale mail, a ration
     0 | D:1      | Reached XP level 1. HP: 10/10 MP: 2/2
   340 | D:1      | Reached XP level 2. HP: 14/14 MP: 3/3
   768 | D:2      | Reached skill level 1 in Slings
   768 | D:2      | Reached XP level 3. HP: 18/18 MP: 4/4
  1070 | D:2      | Gained mutation: Your natural rate of healing is unusually
                  | fast. [Vine Stalker growth]
  1070 | D:2      | Reached XP level 4. HP: 22/22 MP: 5/5
  1380 | D:3      | Found a hazy altar of Hepliaklqana.
  1425 | D:3      | Became a worshipper of Hepliaklqana the Forgotten
  1514 | D:3      | Reached XP level 5. HP: 22/22 MP: 6/6
  2408 | D:3      | Gained mutation: You have sharp toenails. [potion of
                  | mutation]
  2408 | D:3      | Gained mutation: You are agile. (Dex +2) [potion of
                  | mutation]
  2532 | D:4      | Reached * piety under Hepliaklqana
  2578 | D:4      | Reached XP level 6. HP: 27/27 MP: 7/7
  2746 | D:5      | Entered Level 5 of the Dungeon
  3079 | D:5      | Reached XP level 7. HP: 31/31 MP: 8/8
  3084 | D:5      | Reached ** piety under Hepliaklqana
  3111 | D:5      | Reached skill level 1 in Invocations
  3230 | D:5      | Found a burning altar of Makhleb.
  3231 | D:5      | Found a glowing silver altar of Zin.
  3231 | D:5      | Noticed an angel
  3232 | D:5      | Noticed a cacodemon
  3280 | D:4      | Remembered your ancestor Nindada as a knight
  3422 | D:4      | Reached skill level 5 in Slings
  3592 | D:4      | Reached skill level 1 in Staves
  4477 | D:6      | Found a staircase to the Ecumenical Temple.
  4526 | D:6      | Noticed Prince Ribbit
  4611 | D:6      | Reached *** piety under Hepliaklqana
  4662 | D:6      | Found a glowing golden altar of the Shining One.
  4909 | D:6      | Found Eghesk's Jewellery Shoppe.
  4929 | D:6      | Gained mutation: You have razor-sharp teeth. [Vine Stalker
                  | growth]
  4929 | D:6      | Reached XP level 8. HP: 35/36 MP: 11/11
  4985 | D:6      | Noticed Blork the orc
  4992 | D:6      | Killed Blork the orc
  5097 | D:6      | Killed Prince Ribbit
  5383 | D:7      | Noticed Pikel
  5400 | D:7      | Killed Pikel
  5400 | D:7      | Reached skill level 5 in Invocations
  5400 | D:7      | Reached XP level 9. HP: 40/40 MP: 12/14
  6014 | D:7      | Noticed an ice statue
  6233 | D:8      | Reached **** piety under Hepliaklqana
  6786 | D:8      | Found a radiant altar of Vehumet.
  7034 | D:9      | Found a hide-covered altar of Uskayaw.
  7041 | D:9      | Reached XP level 10. HP: 45/45 MP: 16/16
  7084 | D:9      | Reached skill level 5 in Fighting
  7244 | D:5      | HP: 1/45 [killer bee (3)]
  8008 | D:9      | Found a sacrificial altar of Ru.
  8193 | D:9      | Noticed a two-headed ogre
  8228 | D:8      | Found an iron altar of Okawaru.
  8228 | D:8      | Found a shimmering blue altar of Sif Muna.
  8359 | D:9      | Found a basalt altar of Yredelemnul.
  8406 | D:9      | Killed a two-headed ogre
  8406 | D:9      | Reached skill level 5 in Staves
  8478 | D:10     | Entered Level 10 of the Dungeon
  8592 | D:10     | Reached ***** piety under Hepliaklqana
  8635 | D:10     | Identified the cursed +3 rapier "Ceraq" {elec, Dex+6}
  8636 | D:10     | Found a runed translucent gate.
  8637 | D:10     | Found a runed translucent gate.
  8637 | D:10     | Found a runed translucent gate.
  8637 | D:10     | Noticed Xerdoz's ghost (journeyman OpTm)
  8638 | D:10     | Found a roughly hewn altar of Beogh.
  8847 | D:10     | Found an opulent altar of Gozag.
  8864 | D:10     | Found Xoowo's Specialty Armours.
  9412 | D:6      | Bought the ring "Usodeivvo" {rC+ Int-4 Dex+8 Slay+5 Stlth-}
                  | for 600 gold pieces
  9506 | D:11     | Reached XP level 11. HP: 50/50 MP: 18/18
  9879 | D:11     | Killed an unseen horror
  9943 | D:11     | Found a staircase to the Lair.
 10099 | D:11     | Noticed a purple ugly thing
 10111 | D:11     | Killed a purple ugly thing
 10229 | D:11     | Noticed a death knight
 10230 | D:11     | Noticed a phantasmal warrior
 10262 | D:11     | Killed a death knight
 10328 | D:10     | Learned a level 2 spell: Passwall
 10332 | D:10     | Learned a level 3 spell: Spectral Weapon
 10431 | D:10     | Reached skill level 10 in Slings
 10506 | D:10     | Killed Xerdoz's ghost
 10612 | D:11     | Killed a phantasmal warrior
 10818 | D:11     | Reached skill level 10 in Invocations
 10837 | D:11     | Found a sacrificial altar of Ru.
 10990 | D:12     | Noticed a manticore
 10997 | D:12     | Killed a manticore
 11096 | D:12     | Noticed a red ugly thing
 11113 | D:12     | Killed a red ugly thing
 11145 | D:12     | Gained mutation: You heal very quickly. [Vine Stalker
                  | growth]
 11145 | D:12     | Reached XP level 12. HP: 56/56 MP: 20/20
 11317 | D:12     | Found a staircase to the Orcish Mines.
 11787 | Lair:1   | Entered Level 1 of the Lair of Beasts
 11872 | Lair:1   | Noticed a six-headed hydra
 11879 | Lair:1   | Killed a six-headed hydra
 11951 | Lair:1   | Identified a scroll of acquirement
 12022 | Lair:1   | Reached skill level 1 in Summonings
 12084 | Lair:1   | Got a dazzling leather armour
 12085 | Lair:1   | Identified the cursed +1 leather armour of Atheism {+Inv
                  | MR+} (You found it on level 1 of the Lair of Beasts)
 12396 | Lair:1   | Noticed a four-headed hydra
 12403 | Lair:1   | Killed a four-headed hydra
 12927 | Lair:2   | Noticed a five-headed hydra
 12935 | Lair:2   | Killed a five-headed hydra
 13073 | Lair:3   | Found a hole to the Spider Nest.
 13434 | Lair:3   | Reached skill level 5 in Summonings
 13903 | Lair:4   | Reached XP level 13. HP: 52/61 MP: 17/22
 14090 | Lair:4   | Reached ****** piety under Hepliaklqana
 14609 | Lair:4   | Found a staircase to the Shoals.
 15320 | Lair:5   | Found a runed translucent door.
 15322 | Lair:5   | Noticed Amplified's ghost (journeyman DrAK)
 15791 | Lair:6   | Entered Level 6 of the Lair of Beasts
 16035 | Orc:1    | Entered Level 1 of the Orcish Mines
 16166 | Orc:1    | Noticed Erica
 16170 | Orc:1    | Noticed an orc warlord
 16177 | Orc:1    | Killed Erica
 16177 | Orc:1    | Reached skill level 10 in Summonings
 16211 | Orc:1    | Killed an orc warlord
 16455 | Orc:1    | Found Corum's General Store.
 16470 | Orc:1    | Bought the +9 hunting sling "Jerghua" {freeze, rF++ Dex+3}
                  | for 863 gold pieces
 16554 | Orc:2    | Entered Level 2 of the Orcish Mines
 16657 | Orc:2    | Noticed Nergalle
 16672 | Orc:2    | Killed Nergalle
 16676 | Orc:2    | Noticed an orc warlord
 16682 | Orc:2    | Noticed Snorg
 16721 | Orc:2    | Found a roughly hewn altar of Beogh.
 16722 | Orc:2    | Noticed Urug
 16739 | Orc:2    | Found a staircase to the Elven Halls.
 16841 | Orc:2    | Killed Urug
 16856 | Orc:2    | Reached XP level 14. HP: 67/67 MP: 23/23
 16947 | Orc:2    | Found Cuzefimy's Antique Weapon Boutique.
 16951 | Orc:2    | Found Comoschydd's Antique Armour Boutique.
 16975 | Orc:2    | Noticed Maurice
 16979 | Orc:2    | Killed Snorg
 16985 | Orc:2    | Killed Maurice
 17107 | Orc:2    | Killed an orc warlord
 17420 | Orc:2    | Found Ysuwom's General Store.
 17482 | Orc:2    | Found Wuoc's Jewellery Boutique.
 17794 | D:13     | Noticed Frances
 17801 | D:13     | Noticed Azrael
 17819 | D:14     | Killed Frances
 18004 | D:13     | Reached skill level 10 in Fighting
 18223 | D:13     | Killed Azrael
 18309 | D:13     | Reached skill level 10 in Staves
 18364 | D:13     | Found a gate to the Vaults.
 18704 | D:13     | Noticed Jorgrun
 18888 | D:13     | Killed Jorgrun
 19254 | Orc:2    | Bought the ring "Kamoezile" {rElec rF- rN+ MR+ Slay+3} for
                  | 632 gold pieces
 19468 | Lair:6   | Found a basalt altar of Yredelemnul.
 19864 | Lair:6   | Reached XP level 15. HP: 74/74 MP: 21/24
 20292 | Lair:6   | Found a staircase to the Slime Pits.
 20778 | Spider:1 | Entered Level 1 of the Spider Nest
 20940 | Spider:1 | Killed a ghost moth
 21069 | Spider:2 | HP: 5/112 [poisoned by a wolf spider]
 21073 | Spider:2 | Succumbed to a wolf spider's poison

Levels and vault maps discovered:
D:1:      grunt_arrival_lava_bath, layout_basic
D:2:      layout_loops_ring, serial_glass, glass_columns_a, glass_columns_a,
          minmay_indecisive_spiral
D:3:      layout_basic, lemuel_crystal_altar, minmay_fractal_squares_5
D:4:      layout_layer_cave, first_ration, sigmund_army
D:5:      layout_cave_pools, grunt_temple_overflow_order_and_chaos_2,
          kennysheep_boxes
D:6:      layout_loops_cross, minmay_temple_entry_large_hall, serial_shops,
          nicolae_shop_statue_plus, corexii_leaking_fountain, tso_altar,
          uniq_blork_the_orc, uniq_prince_ribbit1
D:7:      lemuel_ice_statue, layout_cave_pools, uniq_pikel
D:8:      layout_cave_pools, lemuel_round_altar, nicolae_overflow_hidden_temple
D:9:      layout_loops_ring, old_standard_altar, old_standard_altar,
          lemuel_doored_altar
D:10:     layout_loops_corners, biasface_ghost_orc_armoury, basic_altar,
          grunt_pizzeria, st_stairs_11, nicolae_barding_shop
D:11:     layout_basic, erik_lair_orcish_takeover,
          nicolae_ru_the_path_less_chosen
D:12:     layout_loops_ring, zombieorc1_lemuel
D:13:     layout_long_grid, erik_vaults_1, uniq_frances, uniq_azrael,
          uniq_jorgrun
D:14:     layout_long_grid, kennysheep_flooded_box
Lair:1:   layout_chaotic_city, chequers_serial_rivers_room_b, grunt_megastairs_3
Lair:2:   layout_hall_layers
Lair:3:   layout_small_grid, spider_nest_entry_a
Lair:4:   layout_cave_pods, elwin_shoals_entry_stream, serial_bayou_pond_c,
          st_stairs_11, lemuel_fruit_tree
Lair:5:   layout_concentric_octagons, gammafunk_ghost_grave,
          grunt_forest_stairs_basic, dpeg_oklob_1, minmay_lair_oklob_chamber
Lair:6:   hangedman_lair_caniforms_friends, layout_cave_shapes,
          nicolae_slime_entry_slimehenge, basic_altar, grunt_megastairs_2
Spider:1: layout_spider_delve, special_room [special_room_bee]
Spider:2: layout_spider_delve
Orc:1:    layout_diamond_mine, serial_shops, shop, uniq_erica
Orc:2:    grunt_orc_cross, layout_caves, uniq_snorg, uniq_maurice

Skill      XL: |  1  2  3  4  5  6  7  8  9 10 11 12 13 14 15 |
---------------+----------------------------------------------+-----
Slings         | 1 2 3 4 5 6 7 9 10 11 | 11.9
Dodging        | 2 |  2.4
Short Blades   | 2 |  2.1
Fighting       | 2 3 4 5 7 8 9 11 12 | 12.0
Invocations    | 3 5 6 8 10 11 | 11.0
Staves         | 1 3 4 5 6 7 9 11 | 11.7
Summonings     | 5 11 12 | 12.5
Maces & Flails | |  0.9
Bows           | |  1.0
Throwing       | |  1.0
Armour         | |  2.4
Stealth        | |  0.1
Shields        | |  1.0

Action                   |  1- 3 |  4- 6 |  7- 9 | 10-12 | 13-15 || total
-------------------------+-------+-------+-------+-------+-------++-------
Melee: Dagger            |    34 |       |       |       |       ||    34
       Bite              |     9 |       |     6 |    96 |    81 ||   192
       Lajatang          |       |       |    20 |   216 |   177 ||   413
 Fire: Hunting sling     |    55 |   213 |   358 |   388 |   736 ||  1750
Throw: Dart              |       |       |       |    10 |       ||    10
       Throwing net      |       |       |       |     1 |     3 ||     4
Invok: Recall Ancestor   |       |       |     1 |       |     2 ||     3
       Ancestor Life: Kn |       |       |     1 |       |       ||     1
       Idealise          |       |       |       |       |     2 ||     2
 Abil: Evoke Invisibilit |       |       |       |       |     1 ||     1
Evoke: Wand              |       |       |     2 |    18 |    24 ||    44
  Use: Scroll            |     3 |     7 |     8 |    11 |    18 ||    47
       Potion            |       |     2 |     3 |     8 |     5 ||    18
 Stab: Paralysed         |       |       |       |     8 |       ||     8
       Invisible         |       |       |       |     1 |       ||     1
       Distracted        |       |       |       |       |     2 ||     2
  Eat: Chunk             |       |     6 |    12 |    11 |    13 ||    42
       Ration            |       |       |       |     3 |     3 ||     6
Armor: Scale mail        |    34 |    38 |    59 |   105 |       ||   236
       Skin              |       |       |    12 |       |       ||    12
       Chain mail        |       |       |       |   129 |   321 ||   450
Dodge: Dodged            |    32 |    46 |    84 |   223 |   217 ||   602
